 Dungeon Crawl Stone Soup version 0.23.1-37-gaa34b87b72 (webtiles) character file.

Game seed: 2072082272136435623

798 Floush the Sneak (level 7, -7/57 HPs)
             Began as a Demigod Assassin on Mar 20, 2019.
             Shot with an arrow by a centaur (14 damage)
             ... on level 4 of the Dungeon.
             The game lasted 00:47:16 (5027 turns).

Floush the Sneak (Demigod Assassin)                 Turns: 5027, Time: 00:47:17

Health: -7/57      AC:  4    Str: 14      XL:     7   Next: 32%
Magic:  0/11       EV: 13    Int: 13 (15) God:
Gold:   142        SH:  0    Dex: 19 (21) Spells: 6/6 levels left

rFire    . . .     SeeInvis .   a - +2 dagger
rCold    . . .     Gourm    .   (no shield)
rNeg     . . .     Faith    .   c - +0 robe
rPois    .         Spirit   +   (no helmet)
rElec    +         Reflect  .   d - +0 cloak
rCorr    .         Harm     .   (no gloves)
MR       .....                  k - +0 pair of boots
Stlth    ++++......             j - amulet of guardian spirit
HPRegen  0.19/turn              (no ring)
MPRegen  0.12/turn              (no ring)

@: about to teleport
A: camouflage 1, high mp 1, electricity resistance
a: no special abilities


You were on level 4 of the Dungeon.
You were not hungry.

You visited 1 branch of the dungeon, and saw 4 of its levels.

You collected 142 gold pieces.

Inventory:

Hand Weapons
 a - a +2 dagger (weapon)
 b - a +0 blowgun
Missiles
 f - 17 arrows
 h - 11 poisoned needles (quivered)
 i - 8 tomahawks
Armour
 c - a +0 robe (worn)
 d - a +0 cloak (worn)
 e - a +0 animal skin
 k - a +0 pair of boots (worn)
 o - a +2 ring mail of poison resistance
Jewellery
 j - an amulet of guardian spirit (around neck)
 s - an uncursed amulet of regeneration
Wands
 p - a wand of polymorph (8)
Scrolls
 l - a scroll of remove curse
 n - 2 scrolls of teleportation
 q - a scroll of identify
Potions
 m - a potion of cancellation
Comestibles
 g - 4 rations
 r - 2 chunks of flesh


   Skills:
 + Level 3.1 Fighting
 * Level 4.0 Short Blades
 - Level 3.0 Throwing
 + Level 2.2 Armour
 + Level 2.7 Dodging
 + Level 5.3 Stealth
 + Level 2.1 Evocations


You had 6 spell levels left.
You didn't know any spells.
Your spell library was empty.

Dungeon Overview and Level Annotations

Branches:
Dungeon (4/15)
 Temple: D:4-7


Innate Abilities, Weirdness & Mutations

You have an increased reservoir of magic. (+10% MP)
Your skin changes colour to match your surroundings (Stealth+).
You are resistant to electric shocks. (rElec)


Message History

The centaur is moderately wounded.
The centaur closely misses you. The centaur barely misses you.
You hit the centaur but do no damage.
The centaur is moderately wounded.
The centaur hits you!
You hit the centaur.
The centaur is heavily wounded.
The centaur hits you!
* * * LOW HITPOINT WARNING * * *
Okay, then.
Okay, then.
As you read the scroll of teleportation, it crumbles to dust.
You feel strangely unstable. The centaur barely misses you.
The centaur hits you but does no damage.
The centaur wields a +0 shortbow.
The centaur shoots an arrow.
The arrow hits you!
* * * LOW HITPOINT WARNING * * *
You see here 2 arrows.
The centaur shoots an arrow.
The arrow hits you!
You die...

#.############ #.# #.#
####### #.# #...... #.#
.#...... ##+###.#
........ ##...##.#
.#...... ##.(...###
#...... #...@...##
........ #...♣(♣...##
#########
#...♣♣(♣♣...##........'
#...♣♣.c.♣♣...########.#
... ♣.....♣♣...##..###.#
.. ♣.......♣♣...#....÷.#
. ♣..?_...♣♣♣..'.######
♣.......♣♣...#'......
♣♣.....♣♣...#########


You could see a centaur.

Vanquished Creatures
  Sigmund (D:3)
  A human (D:4)
  A sky beast (D:3)
  A tengu (D:4)
  A howler monkey (D:4)
  An orc wizard (D:3)
  A centaur skeleton (D:4)
  A worker ant (D:2)
  Robin (D:2)
  3 gnolls (D:3)
  6 adders
  A white imp (D:4)
  An ooze (D:3)
  4 worms
  4 dart slugs
  3 leopard geckos
  9 orcs (D:3)
  4 giant cockroaches
  14 goblins
  14 hobgoblins
  3 kobolds
  A quokka (D:2)
  A ball python (D:1)
  4 bats
  4 frilled lizards
  9 rats
94 creatures vanquished.

Notes
Turn   | Place    | Note
-------+----------+-------------------------------------------
     0 | D:1      | Floush the Demigod Assassin began the quest for the Orb.
     0 | D:1      | Reached XP level 1. HP: 17/17 MP: 3/3
    79 | D:1      | Reached skill level 4 in Stealth
   168 | D:1      | Reached XP level 2. HP: 24/24 MP: 4/4
   736 | D:1      | Reached skill level 1 in Dodging
   884 | D:2      | Reached XP level 3. HP: 29/29 MP: 5/5
  1344 | D:2      | Reached XP level 4. HP: 29/36 MP: 6/6
  1480 | D:2      | Gained mutation: Your skin changes colour to match your
                  | surroundings (Stealth+). [potion of mutation]
  1480 | D:2      | Gained mutation: You are resistant to electric shocks.
                  | (rElec) [potion of mutation]
  1969 | D:2      | Noticed Robin
  2008 | D:2      | Killed Robin
  2455 | D:2      | Found an opulent altar of Gozag.
  2670 | D:3      | Noticed Sigmund
  2679 | D:3      | Killed Sigmund
  2679 | D:3      | Reached skill level 1 in Armour
  2679 | D:3      | Reached skill level 1 in Evocations
  2679 | D:3      | Reached XP level 5. HP: 39/42 MP: 6/8
  2698 | D:3      | Found a sacrificial altar of Ru.
  2750 | D:3      | Noticed a sky beast
  2788 | D:3      | Reached XP level 6. HP: 43/50 MP: 9/9
  3024 | D:3      | Reached skill level 5 in Stealth
  3493 | D:3      | Found an ornate altar of the Wu Jian Council.
  4333 | D:4      | Noticed a human
  4333 | D:4      | an ogre changed into a human
  4363 | D:4      | Killed a human
  4363 | D:4      | Reached XP level 7. HP: 10/57 MP: 4/11
  4997 | D:4      | Found a deep blue altar of Sif Muna.
  5027 | D:4      | Shot with an arrow by a centaur

Skill      XL: |  1  2  3  4  5  6  7 |
---------------+----------------------+-----
Stealth        | 4 5 |  5.3
Throwing       | 2 3 |  3.0
Dodging        | 1 2 |  2.7
Fighting       | 2 3 |  3.1
Short Blades   | 2 3 4 |  4.0
Armour         | 1 2 |  2.2
Evocations     | 1 2 |  2.1

Action                   |  1- 3 |  4- 6 |  7- 9 || total
-------------------------+-------+-------+-------++-------
Melee: Dagger            |    57 |   288 |    37 ||   382
       Unarmed           |       |     1 |       ||     1
 Fire: Blowgun           |    50 |     6 |     1 ||    57
Evoke: Wand              |     1 |     9 |       ||    10
  Use: Potion            |     1 |     7 |       ||     8
       Scroll            |     1 |     4 |     2 ||     7
 Stab: Sleeping          |       |     3 |     2 ||     5
       Distracted        |       |     1 |       ||     1
  Eat: Chunk             |     1 |     5 |       ||     6
       Ration            |       |     2 |       ||     2
Armor: Robe              |     4 |    27 |     9 ||    40
       Ring mail         |       |    35 |       ||    35
Dodge: Dodged            |    35 |   138 |    22 ||   195
